 Dungeon Crawl Stone Soup version 0.19-a0-1682-g5114f93 (webtiles) character file.

9669 TheGoonsmith the Arsonist (level 11, -1/54 HPs)
             Began as a Deep Elf Fire Elementalist on Sept 24, 2016.
             Was an Elder of Vehumet.
             Slain by a seven-headed hydra (3 damage)
             ... on level 1 of the Lair of Beasts.
             The game lasted 00:26:51 (10440 turns).

TheGoonsmith the Arsonist (DEFE)                   Turns: 10440, Time: 00:26:52

Health: -1/54      AC: 10    Str:  7    XL:     11   Next: 26%
Magic:  13/27      EV: 16    Int: 27    God:    Vehumet [****..]
Gold:   441        SH:  5    Dex: 17    Spells: 4 memorised, 17 levels left

rFire  . . .     SeeInvis .     w - +1 whip (venom)
rCold  + . .     Gourm    .     d - +1 leather armour "Nyrcher" {+Blink Int+3 Dex+2}
rNeg   . . .     Faith    .     h - +0 buckler
rPois  .         Spirit   .     M - +1 helmet
rElec  .         Dismiss  .     g - +2 cloak
rCorr  .         Reflect  .     (no gloves)
MR     +....     Harm     .     (no boots)
Stlth  ++........               N - amulet of regeneration
                                I - ring of protection from cold
                                D - +2 ring of strength

@: lethally poisoned (-1 -> -1)
A: no striking features
a: Renounce Religion, Evoke Blink


You were on level 1 of the Lair of Beasts.
You worshipped Vehumet.
Vehumet was greatly pleased with you.
You were not hungry.

You visited 3 branches of the dungeon, and saw 11 of its levels.
You also visited: Ossuary.

You collected 441 gold pieces.

Inventory:

Hand Weapons
 j - a +0 club
 w - a +1 whip of venom (weapon)
Missiles
 k - 2 throwing nets (quivered)
Armour
 a - a +0 robe
 d - the +1 leather armour "Nyrcher" (worn) {+Blink Int+3 Dex+2}
   (You found it on level 5 of the Dungeon)

   It affects your intelligence (+3).
   It affects your dexterity (+2).
   It lets you blink.
 g - a +2 cloak (worn)
 h - a +0 buckler (worn)
 i - the +4 ring mail of Woojaic {rPois rF- Regen+ Int+9}
   (You found it on level 5 of the Dungeon)

   It affects your intelligence (+9).
   It makes you vulnerable to fire.
   It protects you from poison.
   It increases your rate of regeneration.
 x - a +0 robe
 M - a +1 helmet (worn)
Jewellery
 D - a +2 ring of strength (left hand)
 I - a ring of protection from cold (right hand)
 N - an amulet of regeneration (around neck)
 O - an uncursed ring of stealth
 X - an uncursed ring of flight
Wands
 o - a wand of acid (5/15)
 t - a wand of digging (18/24)
 F - a wand of polymorph (10/24)
 Q - a wand of disintegration (12/24)
Scrolls
 r - a scroll of identify
 y - 2 scrolls of recharging
 B - 4 scrolls of remove curse
 G - a scroll of noise
 J - 4 scrolls of amnesia
 K - 2 scrolls of fog
 R - a scroll of teleportation
 S - a scroll of enchant weapon
Potions
 c - 3 potions of lignification
 e - a potion of might
 l - 2 potions of haste
 q - a potion of degeneration
 s - 2 potions of resistance
 z - a potion of curing
 A - a potion of berserk rage {unknown}
 C - a potion of brilliance {unknown}
 E - a potion of magic {unknown}
 H - 2 potions of ambrosia
 P - a potion of flight {unknown}
 U - a potion of agility {unknown}
Books
 b - a book of Flames

   Spells                             Type                      Level
   a - Flame Tongue                   Conjuration/Fire             1
   b - Throw Flame                    Conjuration/Fire             2
   c - Conjure Flame                  Conjuration/Fire             3
   d - Inner Flame                    Hexes/Fire                   3
   e - Sticky Flame                   Conjuration/Fire             4
   f - Fireball                       Conjuration/Fire             5
 v - a book of Transfigurations

   Spells                             Type                      Level
   a - Irradiate                      Conjuration/Transmutation    5
   b - Statue Form                    Transmutation/Earth          6
   c - Hydra Form                     Transmutation                6
   d - Dragon Form                    Transmutation                7
 Y - a book of Frost

   Spells                             Type                      Level
   a - Freeze                         Ice                          1
   b - Throw Frost                    Conjuration/Ice              2
   c - Ozocubu's Armour               Charms/Ice                   3
   d - Throw Icicle                   Conjuration/Ice              4
   e - Summon Ice Beast               Ice/Summoning                4
Comestibles
 f - 9 fruits
 m - 4 meat rations
 n - 4 chunks of flesh
 p - 2 slices of pizza
 u - 7 beef jerkies
 L - 7 bread rations
 W - a royal jelly


   Skills:
 + Level 7.9 Dodging
 - Level 2.4 Stealth
 - Level 4.0 Shields
 - Level 10.2 Spellcasting
 - Level 11.0 Conjurations
 - Level 11.0 Fire Magic


You had 17 spell levels left.
You knew the following spells:

 Your Spells              Type           Power        Failure   Level  Hunger
a - Flame Tongue          Conj/Fire      #####        1%          1    None
c - Conjure Flame         Conj/Fire      ######..     1%          3    None
f - Fireball              Conj/Fire      ######....   1%          5    ####...
s - Sticky Flame          Conj/Fire      ######..     1%          4    None


Dungeon Overview and Level Annotations

Branches:
Dungeon (9/15)             Temple (1/1) D:4            Lair (1/6) D:8
    Orc: D:9-12

Altars:
Cheibriados
Dithmenos
Fedhas
Gozag
Kikubaaqudgha
Makhleb
Nemelex Xobeh
Okawaru
Sif Muna
Trog
Uskayaw
Vehumet
Xom
Yredelemnul
Zin
The Shining One

Shops:
D:4 [   D:7 %

Annotations:
D:7 4 runed doors
D:8 exclusion: downstairs
D:9 TheGoonsmith's ghost, novice DsCK


Message History

The seven-headed hydra bites you but does no damage.
Casting: Fireball
Confirm with . or Enter, or press ? or * to list all spells.
Aiming: Sticky Flame
Press: ? - help, Shift-Dir - straight line, f/p - seven-headed hydra
Aim: a seven-headed hydra (heavily wounded)
The sticky flame hits the seven-headed hydra.
The seven-headed hydra is severely wounded.
The seven-headed hydra is covered in liquid flames!
You feel sick.
The seven-headed hydra burns!
The seven-headed hydra barely misses you.
The seven-headed hydra bites you.
* * * LOW HITPOINT WARNING * * *
You block the seven-headed hydra's attack.
The seven-headed hydra closely misses you.
The seven-headed hydra bites you!
* * * LOW HITPOINT WARNING * * *
The seven-headed hydra completely misses you.
The seven-headed hydra bites you.
You die...

...$...............#...>....#.
#........†######.##........#.
#.........## ###...........
#..........# #..........#
#..........# ##........##
#....(....#### ###..##.†##
#.........#..###P##...##..###
.........>.................÷†.
.............@D...............
.....#####..####..####..#####.
..... #..P# .# #.. #. .....
#..## # #. #. .... #..# .. #.
... #... ## #. #..## #. #.. #.
#.


You could see a seven-headed hydra (burning).

Vanquished Creatures
  The ghost of TheGoonsmith the Carver, a journeyman DsCK of Xom (Lair:1)
  Joseph (D:8)
  A spiny frog (Lair:1)
  A centaur skeleton (D:7)
  A komodo dragon (Lair:1)
  A troll (D:8)
  A queen bee (D:9)
  Prince Ribbit (D:8)
  A hippogriff (D:6)
  3 hungry ghosts
  4 yaks (Lair:1)
  Grum (D:8)
  2 water moccasins (Lair:1)
  An ice beast (D:6)
  5 phantoms
  A sky beast (D:8)
  5 ogres
  7 wolves (D:8)
  A centaur (D:8)
  A necrophage (D:7)
  A big kobold (D:8)
  2 crocodiles (Lair:1)
  5 bullfrogs
  14 scorpions
  16 killer bees
  11 wights
  2 electric eels (D:8)
  2 howler monkeys
  3 centaur zombies
  2 quasits
  3 crimson imps
  5 hounds
  3 orc priests
  A bullfrog zombie (D:8)
  2 jellies (D:5)
  Jessica (D:5)
  5 iguanas
  7 orc wizards
  5 worker ants
  2 big kobold zombies (Ossuary)
  A hound zombie (D:5)
  3 mummies (Ossuary)
  A worker ant zombie (D:8)
  4 gnolls (D:2)
  A howler monkey skeleton (D:8)
  8 adders
  A river rat (D:8)
  3 scorpion zombies (Ossuary)
  3 shadow imps
  2 oozes
  An adder skeleton (D:6)
  2 worms
  4 dart slugs
  4 leopard geckos
  28 orcs
  2 ball pythons
  7 bats
  7 giant cockroaches
  8 goblins
  7 hobgoblins
  16 jackals
  2 quokkas (D:5)
  5 frilled lizards
  A gnoll zombie (Ossuary)
  A goblin skeleton (D:8)
  3 goblin zombies (Ossuary)
  3 hobgoblin zombies (D:8)
  A jackal skeleton (D:8)
  9 kobolds
  A kobold skeleton (D:8)
  2 kobold zombies
  An orc skeleton (D:8)
  4 orc zombies (Ossuary)
  A quokka skeleton (D:5)
  A quokka zombie (D:5)
  6 rats
286 creatures vanquished.

Vanquished Creatures (others)
  A wizard (D:7)
  A crimson imp (D:7)
  A gnoll zombie (Ossuary)
  An orc zombie (Ossuary)
  A fungus (Lair:1)
5 creatures vanquished.

Grand Total: 291 creatures vanquished

Notes
Turn   | Place    | Note
-------+----------+-------------------------------------------
     0 | D:1      | TheGoonsmith the Deep Elf Fire Elementalist began the quest for the Orb.
     0 | D:1      | Reached XP level 1. HP: 10/10 MP: 6/6
   449 | D:1      | Reached XP level 2. HP: 15/15 MP: 5/8
   974 | D:2      | Reached XP level 3. HP: 13/19 MP: 5/9
  1322 | D:2      | Learned a level 3 spell: Conjure Flame
  1334 | D:2      | Reached XP level 4. HP: 24/24 MP: 0/11
  1616 | D:2      | Learned a level 4 spell: Sticky Flame
  1679 | D:2      | Reached skill level 1 in Shields
  2091 | D:3      | Reached XP level 5. HP: 28/28 MP: 10/13
  2359 | D:3      | Found a burning altar of Makhleb.
  2595 | D:4      | Found Henufeab's Armour Shop.
  2638 | D:4      | Noticed a phantom
  2642 | D:4      | Noticed an ogre
  2754 | D:4      | Found a staircase to the Ecumenical Temple.
  2793 | Temple   | Entered the Ecumenical Temple
  2813 | Temple   | Became a worshipper of Vehumet
  2880 | D:4      | Killed a phantom
  2880 | D:4      | Reached XP level 6. HP: 17/32 MP: 3/15
  3111 | D:4      | Reached skill level 5 in Spellcasting
  3126 | D:4      | Reached XP level 7. HP: 21/36 MP: 4/16
  3314 | D:4      | Reached skill level 5 in Conjurations
  3694 | D:4      | Reached skill level 5 in Fire Magic
  3704 | D:5      | Entered Level 5 of the Dungeon
  3790 | D:5      | Got a distressingly furry leather armour
  3808 | D:5      | Found a sand-covered staircase.
  3823 | D:5      | Got a bloodstained ring mail
  3827 | Ossuary  | Entered an ossuary
  3828 | Ossuary  | Identified the +1 leather armour "Nyrcher" {+Blink Int+3 Dex+2} (You found it on level 5 of the Dungeon)
  3960 | Ossuary  | Reached * piety under Vehumet
  3960 | Ossuary  | Offered knowledge of Sting by Vehumet.
  4115 | Ossuary  | Reached XP level 8. HP: 41/41 MP: 14/18
  5270 | D:5      | Learned a level 5 spell: Fireball
  5519 | D:5      | HP: 2/41 [killer bee (6)]
  5521 | D:5      | Found a deep blue altar of Sif Muna.
  5522 | D:5      | Noticed Jessica
  5525 | D:5      | Killed Jessica
  5525 | D:5      | Offered knowledge of Throw Frost by Vehumet.
  5804 | D:5      | Reached ** piety under Vehumet
  6118 | D:5      | Identified the +4 ring mail of Woojaic {rPois rF- Regen+ Int+9} (You found it on level 5 of the Dungeon)
  6148 | D:5      | Found a sparkling altar of Nemelex Xobeh.
  6325 | D:5      | Reached XP level 9. HP: 45/45 MP: 21/21
  7348 | D:6      | Found a blossoming altar of Fedhas.
  7561 | D:7      | Found an opulent altar of Gozag.
  7609 | D:7      | Offered knowledge of Ignite Poison by Vehumet.
  7862 | D:7      | Found a shadowy altar of Dithmenos.
  7889 | D:7      | Reached *** piety under Vehumet
  7902 | D:7      | Found a huge runed gate.
  7931 | D:7      | Found a huge runed gate.
  7932 | D:7      | Noticed a polar bear
  7932 | D:7      | Noticed a polar bear
  7932 | D:7      | Found a huge runed gate.
  7933 | D:7      | Found a huge runed gate.
  7933 | D:7      | Noticed a polar bear
  7936 | D:7      | Noticed a manticore
  7941 | D:7      | Noticed a polar bear
  7941 | D:7      | Noticed a polar bear
  7961 | D:7      | Found a bloodstained altar of Trog.
  7962 | D:7      | Noticed a wizard
  7967 | D:7      | Killed a wizard
  8134 | D:7      | Found Ulusyo's Food Shoppe.
  8236 | D:7      | Found a snail-covered altar of Cheibriados.
  8241 | D:7      | Reached XP level 10. HP: 50/50 MP: 17/24
  8661 | D:8      | Noticed Grum
  8664 | D:8      | Reached skill level 10 in Fire Magic
  8665 | D:8      | Killed Grum
  8666 | D:8      | Offered knowledge of Olgreb's Toxic Radiance by Vehumet.
  8666 | D:8      | Reached skill level 10 in Conjurations
  8783 | D:8      | Noticed Joseph
  8792 | D:8      | Killed Joseph
  8855 | D:8      | Got a transparent rapier
  8856 | D:8      | Identified the cursed +0 rapier "Riosm" {venom, rF- Str+7} (You found it on level 8 of the Dungeon)
  8997 | D:8      | Noticed Prince Ribbit
  9001 | D:8      | Killed Prince Ribbit
  9110 | D:8      | Found a staircase to the Lair.
  9120 | D:8      | Reached **** piety under Vehumet
  9159 | D:8      | Offered knowledge of Venom Bolt by Vehumet.
  9220 | D:8      | Found a glowing golden altar of the Shining One.
  9566 | D:9      | Noticed TheGoonsmith's ghost (novice DsCK)
  9737 | D:9      | Reached skill level 10 in Spellcasting
  9902 | Lair:1   | Entered Level 1 of the Lair of Beasts
  9913 | Lair:1   | Reached XP level 11. HP: 54/54 MP: 13/27
  9916 | Lair:1   | Reached skill level 5 in Dodging
  9994 | Lair:1   | Reached ***** piety under Vehumet
 10124 | Lair:1   | Noticed TheGoonsmith's ghost (journeyman DsCK)
 10131 | Lair:1   | Killed TheGoonsmith's ghost
 10131 | Lair:1   | Offered knowledge of Yara's Violent Unravelling by Vehumet.
 10436 | Lair:1   | Noticed a seven-headed hydra
 10440 | Lair:1   | HP: 2/54 [seven-headed hydra (10)]
 10440 | Lair:1   | Slain by a seven-headed hydra

Vault maps used:
D:1:      kilobyte_arrival_exit_the_forest, st_stairs_8
D:2:      first_bread
D:3:      bloody_makhleb
D:4:      serial_shops, kennysheep_mini, hangedman_minor_gate_pass
D:5:      lemuel_round_altar, nicolae_ossuary_entry_monument, minivault_5,
          tgw_sif
D:6:      fedhas_altar_fruit_tree, minmay_fountain_box
D:7:      lemuel_bear_cage, grunt_dithmenos_shadows, lemuel_round_altar,
          marbit_many_paths, enter_bailey_2, serial_shops, shop,
          grunt_ogre_cave, trog_wizard
D:8:      nicolae_tso_besieged_by_evil, erik_lair_island, uniq_grum,
          uniq_prince_ribbit1, uniq_joseph
D:9:      hiddenorc1_lemuel, special_room, stair_cage_open
Temple:   nicolae_temple_god_jail
Lair:1:   basic_altar, st_stairs_5
Ossuary:  ossuary_minmay_scorpions

Skill      XL: |  1  2  3  4  5  6  7  8  9 10 11 |
---------------+----------------------------------+-----
Conjurations   | 2 3 4 5 7 9 11 | 11.0
Spellcasting   | 4 5 6 8 10 | 10.2
Shields        | 1 2 3 4 |  4.0
Fire Magic     | 4 5 7 9 11 | 11.0
Dodging        | 4 7 |  7.9
Stealth        | |  2.4

Action                   |  1- 3 |  4- 6 |  7- 9 | 10-12 || total
-------------------------+-------+-------+-------+-------++-------
Melee: Club              |     5 |       |       |       ||     5
       Whip              |       |       |   127 |    44 ||   171
 Cast: Flame Tongue      |    61 |   112 |   328 |   149 ||   650
       Conjure Flame     |     1 |     1 |    17 |     8 ||    27
       Sticky Flame      |       |     1 |    13 |    13 ||    27
       Fireball          |       |       |     1 |    30 ||    31
  Use: Scroll            |       |       |    17 |    10 ||    27
       Potion            |       |       |     2 |     1 ||     3
  Eat: Chunk             |     1 |     6 |     3 |     7 ||    17
       Bread ration      |       |       |     2 |       ||     2
       Meat ration       |       |       |     1 |     1 ||     2
Armor: Robe              |     5 |     3 |    13 |       ||    21
       Leather armour    |       |       |    11 |    13 ||    24
       Ring mail         |       |       |    49 |    26 ||    75
Dodge: Dodged            |    18 |     9 |   105 |    64 ||   196
Block: Buckler           |       |     3 |    54 |    26 ||    83
